 Dungeon Crawl Stone Soup version 0.21-a0-91-ga5031da (webtiles) character file.

239 4thArraOfDagon the Charlatan (level 5, 0/37 HPs)
             Began as a Mummy Artificer on June 29, 2017.
             Was an Initiate of Gozag.
             Killed from afar by Natasha (7 damage)
             ... with a magic dart
             ... on level 3 of the Dungeon.
             The game lasted 00:05:19 (1725 turns).

4thArraOfDagon the Charlatan (Mummy Artificer)      Turns: 1725, Time: 00:05:20

Health: 0/37       AC: 10    Str: 16    XL:     5   Next: 79%
Magic:  8/8        EV:  7    Int: 11    God:    Gozag
Gold:   517        SH:  3    Dex: 12    Spells: 4/4 levels left

rFire    x . .     SeeInvis .   j - +2 short sword (drain)
rCold    + . .     Gourm    .   (no shield)
rNeg     + + +     Faith    .   p - +0 chain mail
rPois    ∞         Spirit   .   o - +0 helmet
rElec    .         Reflect  +   s - +0 cloak
rCorr    .         Harm     .   (no gloves)
MR       .....                  (no boots)
Stlth    ..........             f - +3 amulet of reflection
HPRegen  0.12/turn              (no ring)
MPRegen  0.11/turn              (no ring)

@: gold aura
A: no food or potions, fire vulnerability, cold resistance 1, negative energy
resistance 3, torment resistance, unbreathing
a: Potion Petition, Call Merchant, Bribe Branch, Renounce Religion


You were on level 3 of the Dungeon.
You worshipped Gozag.
Gozag was pleased with you.
You were not hungry.

You visited 1 branch of the dungeon, and saw 3 of its levels.

You collected 549 gold pieces.
You paid 32 gold pieces to Gozag.

Inventory:

Hand Weapons
 a - a +0 short sword
 j - a +2 short sword of draining (weapon)
Armour
 b - a +0 leather armour
 o - a +0 helmet (worn)
 p - a +0 chain mail (worn)
 s - a +0 cloak (worn)
Magical Staves
 q - an uncursed staff of poison {unknown}
Jewellery
 f - a +3 amulet of reflection (around neck)
Wands
 c - a wand of flame (10/48)
 d - a wand of enslavement (12/24)
 e - a wand of random effects (14/48)
Scrolls
 g - 5 scrolls of remove curse {unknown}
 h - 2 scrolls of identify {unknown}
 i - 2 scrolls of amnesia {unknown}
 k - a scroll of noise {unknown}
 l - a scroll of magic mapping {unknown}
 m - a scroll of fog {unknown}
 n - a scroll of blinking {unknown}
 r - 2 scrolls of teleportation {unknown}
 t - a scroll of immolation {unknown}


   Skills:
 - Level 1.0 Fighting
 - Level 0.7 Short Blades
 - Level 2.2 Dodging
 - Level 0.7 Stealth
 + Level 5.2 Evocations


You had 4 spell levels left.
You didn't know any spells.

Dungeon Overview and Level Annotations

Branches:
Dungeon (3/15)

Altars:
Gozag

Shops:
D:2 *

Annotations:
D:3 Natasha


Innate Abilities, Weirdness & Mutations

You do not eat or drink.
Your flesh is vulnerable to fire.
You are immune to poison.
Your flesh is cold resistant. (rC+)
You are immune to negative energy. (rN+++)
You are immune to unholy pain and torment.
You can survive without breathing.


Message History

Unknown command.
The bat hits you but does no damage.
Unknown command.
The bat hits you but does no damage.
Unknown command.
The bat hits you but does no damage. The bat closely misses you.
The bat hits you but does no damage. The bat barely misses you.
The bat hits the plant but does no damage.
Something barely misses the bat.
The bat hits you but does no damage.
Natasha, Servant of Life and Death comes into view.
Natasha hisses angrily.
You block the bat's attack. The bat hits you but does no damage.
Natasha casts a spell at you. The magic dart hits you!
You die...
Your body crumbles into a pile of gold.

.#.>...<...<.......######
....................##
##.###....h..........#
.....#...............#
.....................#
...))#P#..##.........#
....#(.....#.........#
....#......#.........#
....#..[...'...b@<..##
....#....P.'.o.....##
....#....P.#..####..#
....#P........# ##.#
.....P#.#PP#o.# #.#
..............#####.#
...(.............##.#
..>.....###....#..#.#
######..# #....##.#.#


You could see Natasha, an orc and a bat.

Vanquished Creatures
  Natasha (twice) (D:3)
  Robin (D:2)
  A gnoll (D:2)
  6 adders
  2 oozes
  3 worms
  A dart slug (D:3)
  4 leopard geckos
  5 bats
  5 giant cockroaches
  15 goblins
  8 hobgoblins
  4 jackals (D:3)
  8 kobolds
  A ball python (D:1)
  A frilled lizard (D:2)
  9 rats
76 creatures vanquished.

Vanquished Creatures (collateral kills)
  An orc priest (D:3)
  A gnoll (D:2)
  An orc (D:3)
3 creatures vanquished.

Vanquished Creatures (others)
  A gnoll (D:2)
1 creature vanquished.

Grand Total: 80 creatures vanquished

Notes
Turn   | Place    | Note
-------+----------+-------------------------------------------
     0 | D:1      | 4thArraOfDagon the Mummy Artificer began the quest for the Orb.
     0 | D:1      | Reached XP level 1. HP: 15/15 MP: 2/2
   182 | D:1      | Reached XP level 2. HP: 18/21 MP: 4/4
   310 | D:2      | Reached skill level 3 in Evocations
   310 | D:2      | Reached XP level 3. HP: 21/26 MP: 5/5
   369 | D:2      | Found Gozag's Platinum Reserve.
   404 | D:2      | Found an opulent altar of Gozag.
   410 | D:2      | Became a worshipper of Gozag Ym Sagoz the Greedy
   832 | D:1      | Reached XP level 4. HP: 29/32 MP: 6/6
   993 | D:2      | Reached skill level 4 in Evocations
  1169 | D:2      | Noticed Robin
  1200 | D:2      | Killed Robin
  1468 | D:3      | Noticed Natasha
  1476 | D:3      | Reached XP level 5. HP: 35/37 MP: 8/8
  1491 | D:3      | Killed Natasha
  1670 | D:3      | Noticed Natasha
  1694 | D:3      | Killed Natasha
  1694 | D:3      | Reached skill level 5 in Evocations
  1724 | D:3      | Noticed Natasha
  1725 | D:3      | Killed from afar by Natasha

Vault maps used:
D:1:      dpeg_arrival_tiny_i
D:2:      first_bread, nicolae_gozag_zags_fifth_avenue, uniq_robin
D:3:      cheibrodos_old_hovel, uniq_natasha

Skill      XL: |  1  2  3  4  5 |
---------------+----------------+-----
Dodging        | 2 |  2.2
Evocations     | 3 4 5 |  5.2
Fighting       | |  1.0
Short Blades   | |  0.7
Stealth        | |  0.7

Action                   |  1- 3 |  4- 6 || total
-------------------------+-------+-------++-------
Melee: Short sword       |    91 |   156 ||   247
Evoke: Wand              |     4 |     5 ||     9
 Stab: Distracted        |       |     1 ||     1
Armor: Leather armour    |    33 |       ||    33
       Chain mail        |       |    96 ||    96
Dodge: Dodged            |    55 |    49 ||   104
Block: Other             |     9 |    15 ||    24
